 Dungeon Crawl Stone Soup version 0.29-a0-289-g2178c42546 (webtiles) character file.

Game seed: 10143213862866091515

42 sanka the Ducker (level 3, 35/35 HPs)
             Began as a Gnoll Monk on Mar 17, 2022.
             Was the Champion of Ignis.
             Quit the game on level 2 of the Dungeon.
             The game lasted 00:01:44 (1823 turns).

sanka the Ducker (Gnoll Monk)                       Turns: 1823, Time: 00:01:44

Health: 35/35      AC:  2    Str: 12    XL:     3   Next: 56%
Magic:  13/13      EV: 14    Int:  9    God:    Ignis [******]
Gold:   73         SH:  4    Dex: 14    Spells: 3/3 levels left

rFire   + . .      SeeInvis .   a - +0 hand axe
rCold   . . .      Faith    .   d - +0 buckler
rNeg    . . .      Spirit   .   b - +0 robe
rPois   .          Reflect  .   (no helmet)
rElec   .          Harm     .   (no cloak)
rCorr   .          Rampage  .   (no gloves)
Will    .....                   (no boots)
Stlth   +++.......              l - amulet of regeneration
HPRegen 0.91/turn               (no ring)
MPRegen 0.13/turn               h - ring of magical power

@: no status effects
A: fangs 1, strong nose, distributed training
a: Renounce Religion, Fiery Armour, Foxfire Swarm, Rising Flame


You were on level 2 of the Dungeon.
You worshipped Ignis.
Ignis was exalted by your worship.
You visited 1 branch of the dungeon, and saw 2 of its levels.

You collected 73 gold pieces.


Innate Abilities, Weirdness & Mutations

You have very sharp teeth.
Your uncanny sense of smell can sniff out nearby items.
Your experience applies equally to all skills.


   Skills:
 + Level 6.5 Fighting
 + Level 0.8 Short Blades
 + Level 0.8 Long Blades
 + Level 6.5 Axes
 + Level 0.8 Maces & Flails
 + Level 0.8 Polearms
 + Level 0.8 Staves
 + Level 0.8 Slings
 + Level 0.8 Bows
 + Level 0.8 Crossbows
 + Level 0.8 Throwing
 + Level 0.8 Armour
 + Level 6.5 Dodging
 + Level 4.1 Stealth
 + Level 0.8 Shields
 + Level 0.8 Unarmed Combat
 + Level 0.8 Spellcasting
 + Level 0.5 Conjurations
 + Level 0.5 Hexes
 + Level 0.5 Summonings
 + Level 0.5 Necromancy
 + Level 0.5 Translocations
 + Level 0.5 Transmutations
 + Level 0.5 Fire Magic
 + Level 0.5 Ice Magic
 + Level 0.5 Air Magic
 + Level 0.5 Earth Magic
 + Level 0.5 Poison Magic
 + Level 1.0 Invocations
 + Level 0.8 Evocations


You had 3 spell levels left.
You didn't know any spells.
Your spell library was empty.

Inventory:

Hand Weapons
 a - a +0 hand axe (weapon)
Missiles
 j - a throwing net (quivered) {=f}
Armour
 b - a +0 robe (worn)
 d - a +0 buckler (worn)
Jewellery
 h - a ring of magical power (right hand)
 l - an amulet of regeneration (around neck)
Scrolls
 e - 2 scrolls of magic mapping {unknown}
 f - 2 scrolls of enchant armour {unknown}
 g - 4 scrolls of identify {unknown}
 i - a scroll of immolation {unknown}
Potions
 c - a potion of ambrosia
 k - a potion of curing {unknown}

Dungeon Overview and Level Annotations

Branches:
Dungeon (2/15)

Altars:
Zin
Ignis

▒▒▒▒.▒▒▒▒.<.▒....▒▒▒.▒
▒▒▒...▒.▒............▒.▒▒
.....▒▒▒................▒▒▒▒▒▒
......▒.▒.............▒......▒
.._....▒▒▒▒...▒.)..▒▒...▒▒▒▒.▒
.....▒.▒ ▒.........▒▒.▒▒ ▒▒.▒▒
.....▒.▒
▒▒..++++'.▒▒.▒▒▒▒...▒▒
▒▒▒▒▒▒.▒
▒▒..+++''.▒▒..▒▒.▒.▒.▒
▒.▒▒▒▒...'+g+'.▒▒▒.▒▒.▒.▒.▒
▒....<.<.''+++...▒......▒.▒
▒▒▒▒▒▒...''+++▒▒.▒▒▒▒▒...▒▒
▒▒.▒▒....▒▒.▒ ▒▒.▒▒
▒.▒▒.▒▒▒▒▒.▒ ▒.▒ ▒.▒▒.▒▒▒ ▒.▒
▒.▒ ▒▒▒▒.▒▒...▒▒▒.▒ ▒.▒
▒.............▒ ▒.▒
▒.▒▒.▒▒.....▒▒▒ ▒.▒


There were no monsters in sight!


Message History

There is an open door here.
Found 8 gold pieces.
You now have 62 gold pieces (gained 8).
Found 11 gold pieces.
You now have 73 gold pieces (gained 11).
You open the door. You open the door.
There is an open door here.
There is an open door here.
You open the door.
There is an open door here.
You open the door. You open the door.
Found a faded altar of an unknown god.
There is an open door here.
There is an open door here.
Found a glowing silver altar of Zin.
Found 20 stones.
Search for what [Enter for "."]? altar
There is an open door here.
You open the door.
There is an open door here.
There is a faded altar of an unknown god here.
You cannot tell which god this altar belongs to.
Convert to them anyway?
Ignis accepts your prayer! Ignis welcomes you!
You can now rocket upward and away.
Are you sure you want to abandon this character and quit the game? (Confirm with "yes".)
Okay, then.
Are you sure you want to abandon this character and quit the game? (Confirm with "yes".)

Action                   || total
-------------------------++-------
Melee: Hand axe          ||    67
       Bite              ||     6
 Stab: Sleeping          ||    10
Armor: Robe              ||    13
Dodge: Dodged            ||    50
Block: Buckler           ||    14

Levels and vault maps discovered:
D:1:      psy_arrival_fountain, layout_loops_corners, minmay_misc_feat_plants,
          item_on_display_a
D:2:      layout_loops_ring, hellmonk_ecumenical_altar_heavens_door,
          serial_shops, shop_scrolls, basic_altar,
          chequers_serial_rivers_small_3, chequers_big_river

Notes
Turn   | Place    | Note
-------+----------+-------------------------------------------
     0 | D:1      | sanka the Gnoll Monk began the quest for the Orb.
     0 | D:1      | Reached XP level 1. HP: 23/23 MP: 1/1
   137 | D:1      | Reached XP level 2. HP: 8/29 MP: 2/2
   932 | D:1      | Reached XP level 3. HP: 35/35 MP: 3/3
  1356 | D:2      | Reached skill level 1 in Invocations
  1644 | D:2      | Found a faded altar of an unknown god.
  1733 | D:2      | Found a glowing silver altar of Zin.
  1822 | D:2      | Prayed at the altar of an unknown god.
  1822 | D:2      | Became a worshipper of Ignis, the Dying Flame
  1822 | D:2      | Reached ****** piety under Ignis
  1823 | D:2      | Quit the game

Vanquished Creatures
  An adder (D:2)
  A bat (D:2)
  4 endoplasms (D:1)
  3 goblins
  4 hobgoblins
  4 jackals (D:1)
  5 kobolds
  A quokka (D:1)
  3 ball pythons (D:1)
  A frilled lizard (D:1)
  A rat (D:1)
28 creatures vanquished.

Vanquished Creatures (others)
  3 plants (D:2)
3 creatures vanquished.

Grand Total: 31 creatures vanquished
